 Dungeon Crawl Stone Soup version 0.28.0-49-g6dfe1f597d (webtiles) character file.

Game seed: 9542981633956346049

59 nickcage the Poker (level 4, -5/35 HPs)
             Began as a Merfolk Monk on May 17, 2022.
             Slain by a goblin
             ... wielding a +0 club
             ... led by Robin
              (6 damage)
             ... on level 3 of the Dungeon.
             The game lasted 00:03:29 (1939 turns).

nickcage the Poker (Merfolk Monk)                   Turns: 1939, Time: 00:03:29

Health: -5/35      AC:  2    Str: 13    XL:     4   Next: 3%
Magic:  4/4        EV: 13    Int:  9    God:
Gold:   31         SH:  0    Dex: 16    Spells: 3/3 levels left

rFire   . . .      SeeInvis .   a - +0 spear
rCold   . . .      Faith    .   (no shield)
rNeg    . . .      Spirit   .   b - +0 robe
rPois   .          Reflect  .   (no helmet)
rElec   .          Harm     .   (no cloak)
rCorr   .          Rampage  .   (no gloves)
Will    .....                   (no boots)
Stlth   ++........              (no amulet)
HPRegen 0.11/turn               (no ring)
MPRegen 0.09/turn               (no ring)

@: no status effects
A: (nimble swimmer 2), mertail
a: no special abilities


You were on level 3 of the Dungeon.
You visited 1 branch of the dungeon, and saw 3 of its levels.

You collected 31 gold pieces.

Inventory:

Hand Weapons
 a - a +0 spear (weapon)
Missiles
 d - a throwing net (quivered)
Armour
 b - a +0 robe (worn)
 j - a +0 chain mail
Jewellery
 f - a ring of fire
 g - a ring of protection from fire
Scrolls
 e - a scroll of silence {unknown}
 i - a scroll of identify {unknown}
Potions
 c - 2 potions of heal wounds {unknown}
 h - a potion of curing {unknown}


   Skills:
 - Level 3.2 Fighting
 + Level 7.0 Polearms
 - Level 4.0 Dodging
 - Level 2.1 Stealth


You had 3 spell levels left.
You didn't know any spells.
Your spell library contained the following spells:

 Spells                   Type           Power      Damage    Failure   Level
 Sublimation of Blood     Necr           0%         N/A       52%         2
 Wereblood                Tmut           0%         N/A       52%         2
 Summon Hydra             Summ           0%         N/A       100%        7


Dungeon Overview and Level Annotations

Branches:
Dungeon (3/15)

Altars:

Shops:
D:2 [

Annotations:
D:3 Robin


Innate Abilities, Weirdness & Mutations

((You are very nimble when in or above water. (Stealth+, EV+, Speed+++)))
Your lower body shifts to a powerful aquatic tail in water.


Message History

A goblin comes into view. It is wielding a +0 club.
The goblin misses you.
You hit the goblin.
The goblin is moderately wounded.
A goblin comes into view. It is wielding a +0 club.
The goblin hits you but does no damage. x2
You barely miss the goblin.
The goblin is moderately wounded.
The goblin shouts!
The goblin hits you with a +0 dagger.
You hit the goblin.
You kill the goblin!
The goblin barely misses you.
Robin roars a battlecry!
You have reached level 4!
You closely miss the goblin. The goblin barely misses you.
A goblin comes into view. It is wielding a +0 club.
You hit the goblin but do no damage. Robin throws the goblin at you!
The goblin hits you with a +0 club. x2
You barely miss the goblin. The goblin completely misses you.
You hit the goblin.
The goblin is heavily wounded.
The goblin hits you with a +0 club.
You hit the goblin.
You kill the goblin!
The goblin hits you with a +0 club.
Your Polearms skill increases to level 7!
You closely miss the goblin. Robin throws the goblin at you!
The goblin hits you but does no damage. The goblin hits you with a +0 club.
You are too injured to fight recklessly!
You are too injured to fight recklessly!
You barely miss the goblin.
A quokka comes into view.
The goblin hits you with a +0 club.
You hit the goblin but do no damage. The goblin hits you with a +0 club.
* * * LOW HITPOINT WARNING * * *
The goblin hits you with a +0 club.
* * * LOW HITPOINT WARNING * * *
You barely miss the goblin. The goblin hits you with a +0 club.
You die...

##..#. #....#
###.#..##
###.......
.......# #.#..##
#....<#
###.#############
#>.r..g@ggggg..
#.###########.#
.... ......
#........
#........
##########


You could see Robin, a quokka, a hobgoblin (strong) and 4 goblins.

Vanquished Creatures
  An adder (D:2)
  A worm (D:2)
  3 dart slugs
  3 bats (D:1)
  4 endoplasms
  2 giant cockroaches (D:1)
  5 goblins
  3 hobgoblins
  2 jackals (D:2)
  A quokka (D:1)
  2 ball pythons
  4 frilled lizards
  5 kobolds
  3 rats (D:1)
39 creatures vanquished.

Vanquished Creatures (others)
  6 plants (D:1)
6 creatures vanquished.

Grand Total: 45 creatures vanquished

Notes
Turn   | Place    | Note
-------+----------+-------------------------------------------
     0 | D:1      | nickcage the Merfolk Monk began the quest for the Orb.
     0 | D:1      | Reached XP level 1. HP: 18/18 MP: 1/1
   214 | D:1      | Reached skill level 5 in Polearms
   284 | D:1      | Reached XP level 2. HP: 24/24 MP: 2/2
   715 | D:1      | Reached skill level 6 in Polearms
   715 | D:1      | Reached XP level 3. HP: 23/29 MP: 3/3
   989 | D:2      | Found Pagoel's Antique Armour Shop.
  1921 | D:3      | Noticed Robin
  1931 | D:3      | Reached XP level 4. HP: 32/35 MP: 4/4
  1936 | D:3      | Reached skill level 7 in Polearms
  1938 | D:3      | HP: 1/35 [goblin/+0 club[Robin] (5)]
  1939 | D:3      | Slain by a goblin

Illustrated notes

Levels and vault maps discovered:
D:1:      psy_arrival_whirlpool, layout_basic, serial_forest,
          infiniplex_forest_lined_room_2, infiniplex_forest_fountain,
          infiniplex_forest_clump_tiny, infiniplex_forest_lined_room_,
          infiniplex_forest_clump_cross, infiniplex_forest_clump_C,
          infiniplex_forest_clump_small, infiniplex_forest_clump_medium,
          infiniplex_forest_clump_small, infiniplex_forest_clump_curved
D:2:      layout_loops_cross, serial_shops, shop
D:3:      layout_basic, mainiacjoe_overflow_catwalk,
          dreamdust_ecumenical_altar_drowned_temple, uniq_robin

Skill      XL: |  1  2  3  4 |
---------------+-------------+-----
Polearms       | 5 6 7 |  7.0
Fighting       | |  3.2
Dodging        | |  4.0
Stealth        | |  2.1

Action                   |  1- 3 |  4- 6 || total
-------------------------+-------+-------++-------
Melee: Spear             |   146 |     9 ||   155
       Punch             |     1 |       ||     1
 Stab: Sleeping          |     7 |       ||     7
Armor: Robe              |     9 |     1 ||    10
Dodge: Dodged            |    56 |     2 ||    58
